 Dungeon Crawl Stone Soup version 0.32-a0-20-ge526923d97 (webtiles) character file.

Game seed: 13687414481754867220

239 PriceMaster the Poker (level 5, -4/4 HPs)
             Began as a Minotaur Fighter on Jan 18, 2024.
             Was a Believer of Sif Muna.
             Slain by Edmund
             ... wielding a +1 heavy flail
              (8 damage)
             ... on level 4 of the Dungeon.
             The game lasted 00:04:30 (2572 turns).

PriceMaster the Poker (Minotaur Fighter)            Turns: 2572, Time: 00:04:31

Health: -4/4       AC:  2    Str: 23    XL:     5   Next: 79%
Magic:  0/4        EV: 10    Int:  5    God:    Sif Muna [**....]
Gold:   139        SH:  0    Dex:  9    Spells: 4/4 levels left

rFire   + . .        a - melded +0 trident
rCold   + . .        c - melded +0 buckler
rNeg    + . .        b - +0 scale mail
rPois   +            (helmet restricted)
rElec   +            (no cloak)
rCorr   +            (gloves currently unavailable)
SInv    .            o - +0 pair of boots
Will    +....        u - amulet of guardian spirit Stlth
                     s - ring of positive energy
HPRegen 0.20/turn    (no ring)
MPRegen 0.09/turn

%: guardian spirit
@: mighty, blade hands, resistant, attractive, enlightened, flying, hasted, very
quick
A: reduced hp, horns 2, retaliatory headbutt
a: Begin Untransformation, Renounce Religion, Channel Magic


You were on level 4 of the Dungeon.
You worshipped Sif Muna.
Sif Muna was pleased with you.
You had blades for hands.
You visited 1 branch of the dungeon, and saw 4 of its levels.

You collected 139 gold pieces.

Inventory:

Hand Weapons
 a - a +0 trident (melded)
 t - a +0 short sword
Armour
 b - a +0 scale mail (worn)
 c - a +0 buckler (melded)
 g - a +0 ring mail
 o - a +0 pair of boots (worn)
Jewellery
 s - a ring of positive energy (left blade hand)
 u - an amulet of guardian spirit (around neck)
Talismans
 w - a blade talisman (active)
Wands
 v - a wand of iceblast (9)
Scrolls
 e - 2 scrolls of blinking {unknown}
 f - 2 scrolls of enchant armour {unknown}
 j - 2 scrolls of teleportation {unknown}
 l - 4 scrolls of identify {unknown}
 n - a scroll of amnesia {unknown}
 p - a scroll of fog {unknown}
 q - a scroll of poison {unknown}
 r - a scroll of revelation {unknown}
Potions
 d - a potion of might
 h - a potion of resistance
 i - a potion of brilliance {unknown}
 k - a potion of haste
 m - 3 potions of enlightenment


   Skills:
 + Level 4.8 Fighting
 + Level 5.3 Polearms
 + Level 4.4 Armour
 + Level 0.3 Dodging
 + Level 0.7 Stealth
 + Level 4.4 Shields


You had 4 spell levels left.
You didn't know any spells.
Your spell library contained the following spells:

 Spells                   Type           Power      Damage    Failure   Level
 Sting                    Conj/Alch      0%         1d3       78%         1
 Mercury Vapours          Alch/Air       0%         N/A       89%         2
 Olgreb's Toxic Radiance  Alch           0%         N/A       100%        4


Dungeon Overview and Level Annotations

Branches:
Dungeon (4/15)
 Temple: D:4-7

Altars:
Ashenzari
Dithmenos
Fedhas
Okawaru
Ru
Sif Muna
Uskayaw
Vehumet

Annotations:
D:4 Edmund


Innate Abilities, Weirdness & Mutations

You have blades for hands.
Your maximum health is decreased, since you lack skill for your form.
You are incapable of wielding weapons or throwing items.
You have a pair of horns on your head.
You reflexively headbutt those who attack you in melee.


Message History

Found a whip.
Items here: ) †††.
t - a +0 short sword
Found 11 gold pieces.
Found a tourmaline ring.
You see here a blade talisman.
w - a blade talisman
Okay, then.
Okay, then.
You begin transforming.
You continue transforming. x3
Your hands turn into razor-sharp scythe blades.
Your +0 trident melds into your body.
Your +0 buckler melds into your body.
Edmund the Younger comes into view.
He is wielding a +1 heavy flail.
Edmund is attracted toward you.
Edmund is nearby!
Edmund shouts!
Edmund is attracted toward you.
You feel very mighty all of a sudden.
You feel protected. Edmund hits you but does no damage.
You hit Edmund.
Edmund is lightly wounded.
You barely miss Edmund.
Edmund is lightly wounded.
Edmund barely misses you.
You closely miss Edmund.
Edmund is lightly wounded.
You slash Edmund! Your headbutt misses Edmund.
Edmund is moderately wounded.
You barely miss Edmund.
Edmund is moderately wounded.
Edmund hits you with a +1 heavy flail.
You slash Edmund!
Edmund is heavily wounded.
You hit Edmund.
Edmund is heavily wounded.
Edmund hits you with a +1 heavy flail!
Ouch! That really hurt!
You die...
Edmund says, "I'd like to see a scythe do that!"

.=.. #... #.#
#..# #.# #..# #.#
.# #..# #.# #.#
#..# #.# #.#
#.#####..######.#
#.#
......@@...†..#.#
#.#
....).$<$.###.#.#
####.#
..........#
#.#.###....#
.####.....#
#..#.......#
#..$..#
#.#.###....#
####### #)###
##..#. #.# ##.###
#.# #.## # #.#
##.###


You could see Edmund.

Vanquished Creatures
  An ogre (D:4)
  7 adders
  A dart slug (D:4)
  2 ribbon worms (D:2)
  5 bats
  5 endoplasms
  5 giant cockroaches
  9 goblins
  4 hobgoblins
  13 jackals (D:2)
  4 kobolds
  3 quokkas (D:1)
  6 ball pythons
  2 frilled lizards
  8 rats
75 creatures vanquished.

Notes
Turn   | Place    | Note
-------+----------+-------------------------------------------
     0 | D:1      | PriceMaster the Minotaur Fighter began the quest for the
                  | Orb.
     0 | D:1      | Reached XP level 1. HP: 19/19 MP: 0/0
   125 | D:1      | Reached XP level 2. HP: 27/27 MP: 1/1
   136 | D:1      | Found a faded altar of an unknown god.
   149 | D:1      | Prayed at the altar of an unknown god.
   149 | D:1      | Became a worshipper of Sif Muna the Loreminder
   149 | D:1      | Reached * piety under Sif Muna
   596 | D:1      | Reached skill level 3 in Polearms
   673 | D:1      | Reached XP level 3. HP: 30/33 MP: 2/2
   875 | D:2      | Reached ** piety under Sif Muna
  1074 | D:2      | Found an iron altar of Okawaru.
  1215 | D:2      | Reached XP level 4. HP: 41/41 MP: 3/3
  1836 | D:3      | Reached skill level 4 in Polearms
  1921 | D:3      | Found a shadowy altar of Dithmenos.
  2323 | D:3      | Found a radiant altar of Vehumet.
  2325 | D:3      | Found a broken altar of Ashenzari.
  2328 | D:3      | Found a sacrificial altar of Ru.
  2329 | D:3      | Found a blossoming altar of Fedhas.
  2333 | D:3      | Found a hide-covered altar of Uskayaw.
  2519 | D:4      | Reached XP level 5. HP: 47/47 MP: 4/4
  2522 | D:4      | Noticed an ogre
  2542 | D:4      | Killed an ogre
  2543 | D:4      | Reached skill level 5 in Polearms
  2562 | D:4      | Noticed Edmund
  2572 | D:4      | Slain by Edmund

Illustrated notes

Levels and vault maps discovered:
D:1:      saegor_arrival_under_anarchy, layout_loops_ring,
          shapermc_ecumenical_altar_gd, minmay_misc_feat_secret_circle
D:2:      layout_loops_ring, basic_altar, chequers_jeans
D:3:      layout_basic, minitemple, grunt_dithmenos_smoke_and_mirrors
D:4:      layout_loops_ring, uniq_edmund

Skill      XL: |  1  2  3  4  5 |
---------------+----------------+-----
Shields        | 4 |  4.4
Fighting       | 4 |  4.8
Polearms       | 3 4 5 |  5.3
Armour         | 4 |  4.4
Dodging        | |  0.3
Stealth        | |  0.7

Action                     |  1- 3 |  4- 6 || total
---------------------------+-------+-------++-------
  Melee: Trident           |   104 |   111 ||   215
         Headbutt          |     9 |     9 ||    18
         Unarmed           |       |     7 ||     7
    Use: Potion            |       |     7 ||     7
 Armour: Scale mail        |    38 |    61 ||    99
  Dodge: Dodged            |    36 |    49 ||    85
  Block: Buckler           |    16 |    12 ||    28
   Form: Blade             |       |     1 ||     1

Table legend: (Time is in decaauts)
 A = Elapsed time spent in this place.
 B = Non-inter-level travel time spent in this place.
 C = Inter-level travel time spent in this place.
 D = Time resting spent in this place.
 E = Time spent auto-exploring this place.
 F = Levels seen in this place.
 G = Mean time per level.
                   A        B        C        D        E       F      G
               +--------+--------+--------+--------+--------+-----+--------+
         Total |   2595 |   2507 |     88 |      0 |   2015 |   4 |  648.8 |
       Dungeon |   2595 |   2507 |     88 |      0 |   2015 |   4 |  648.8 |
               +--------+--------+--------+--------+--------+-----+--------+

Top non-repeatable levels by time:
     D:3: 828 daAuts
     D:2: 815 daAuts
     D:1: 811 daAuts
     D:4: 140 daAuts
